[Event "Late-Titled-Tuesday-Blitz-September-26-2023"]
[Site "Chess.com"]
[Date "2023.09.26"]
[Round "4"]
[White "0gZPanda"]
[Black "GoltsevDmitry2000"]
[Result "1-0"]
[WhiteElo "3041"]
[BlackElo "2602"]
[TimeControl "180+1"]
[EndTime "14:38:32 PDT"]
[Termination "0gZPanda won by resignation"]

1. d4 Nf6 2. c4 e6 3. Nc3 Bb4 4.
Qc2 d5 5. cxd5 exd5 6. Bg5 c6 7. e3 O-O 8. Bd3 h6 9. Bh4 Re8 10. Ne2 Bd6 11. O-O Bxh2+ 12. Kh1 Bc7 13. e4 dxe4 14. Nxe4 g5 15. Bg3 Nxe4 16. Bxe4 f5 17. Bxc7 Qxc7 18. Bd3 f4 19. Rae1 Bg4 20. Nc3 Rxe1 21. Rxe1 Na6 22.
Bxa6 bxa6 23. Qg6+ Qg7 24. Qxc6 Rf8 25. Nd5 Rf7 26. Re8+ Kh7 27. Qc4 f3 28. g3 Bf5 29.
Ne3 Qg6 30. d5 Bd7 31. Re5 Qb1+ 32. Kh2 Qxb2 33. Qe4+ Kg7 34. Nd1 Qd2 35. Qe1 Qxe1 36. Rxe1 Rf5 37. Re7+ Rf7 38. Re3 Bb5 39. Nc3 Bc4 40.
Re4 Bd3 41. Rd4 Be2 42. d6 Rd7 43. Ne4 Kf7 44. Nc5 Rd8 45. d7 Bb5 46. a4 Bc6 47. Rd6 Ba8 48. Rxa6 Ke7 49. Rxa7 Bc6 50. a5 g4 51. a6 Rb8 52. Rc7 Kd6 53. Rc8 Bxd7 54. Rxb8 Kxc5 55. a7 Bc6 56. Rc8 Kd5 57. Rxc6 Kxc6 58.
a8=Q+ Kd6 59. Qe4 h5 60. Qg6+ 1-0

[Event "Late-Titled-Tuesday-Blitz-September-26-2023"]
[Site "Chess.com"]
[Date "2023.09.26"]
[Round "4"]
[White "PNEPaul"]
[Black "RCone"]
[Result "0-1"]
[WhiteElo "1949"]
[BlackElo "2407"]
[TimeControl "180+1"]
[EndTime "14:38:32 PDT"]
[Termination "RCone won on time"]

1. e4 d6 2. Nc3 Nf6 3. g3 g6 4.
Bg2 Bg7 5. Nge2 e5 6. O-O O-O 7. h3 Re8 8. d3 c6 9. Bg5 h6 10. Be3 d5 11. exd5 cxd5 12. d4 e4 13. Qd2 h5 14. Bh6 Nc6 15. Bxg7 Kxg7 16. Qg5 Be6 17.
Rad1 Qd7 18. Kh2 Rac8 19. Nf4 Qd8 20. Nxe6+ Rxe6 21. Ne2 Nh7 22. Qxd8 Nxd8 23. c3 Rb6 24. Rd2 Nf6 25. Nf4 a5 26. Re1 Ne6 27. Nxe6+ Rxe6 28. Rde2 Rb6 29. f3 a4 30. fxe4 dxe4 31. Rf1 a3 32. bxa3 Rxc3 33. Rfe1 Rxa3 34. Bxe4 Nxe4 35. Rxe4 Rxa2+ 36. R1e2 Rbb2 37. Rxb2 Rxb2+ 38. Kg1 Rd2 39. Kf1 b5 40. Ke1 Rd3 41. Re5 Rxg3 42. Rxb5 Rxh3 43. d5 Rd3 44. Ke2 Rd4 45. Ke3 Rd1 46. Ke2 Ra1 47. d6 Ra8 48. Rd5 Kf6 49. Ke3 Ke6 50.
Rd4 Rd8 0-1

[Event "Late-Titled-Tuesday-Blitz-September-26-2023"]
[Site "Chess.com"]
[Date "2023.09.26"]
[Round "4"]
[White "ljm509"]
[Black "nOcHeaTiNgKiD"]
[Result "0-1"]
[WhiteElo "2326"]
[BlackElo "2624"]
[TimeControl "180+1"]
[EndTime "14:38:33 PDT"]
[Termination "nOcHeaTiNgKiD won by checkmate"]

1. e4 c6 2. d4 d5 3. exd5 cxd5 4. c4 Nf6 5. Nc3 Nc6 6. Bg5 Be6 7. Nf3 g6 8. c5 Bg7 9. Bb5 O-O 10. O-O Ne4 11. Bf4 h6 12. h3 g5 13. Be3 f5 14. Bxc6 bxc6 15. Nxe4 dxe4 16. Ne5 Bd5 17.
Bd2 Qc8 18. b4 Qe6 19. a4 Rad8 20. Qc1 f4 21. Bc3 Bxe5 22. dxe5 g4 23. Kh2 Kh7 24.
b5 gxh3 25. gxh3 Rf5 26. h4 Rh5 27. Qxf4 Rf8 28. Qg3 Rf3 29. Rg1 Rxg3 30. fxg3 e3 31. Rae1 Qg4 32. Rxe3 Rf5 33. Be1 Rf3 34. Rxf3 Qxf3 35.
g4 h5 36. gxh5 Qe2+ 37. Kh3 Qxe5 38. Bg3 Be6+ 39. Kh2 Qe2+ 40. Rg2 Qxh5 41. Rf2 Bd5 42. Rf4 Qe2+ 43. Kh3 Be6+ 44. Rf5 Bxf5# 0-1

[Event "Late-Titled-Tuesday-Blitz-September-26-2023"]
[Site "Chess.com"]
[Date "2023.09.26"]
[Round "4"]
[White "Roenko_Artur"]
[Black "tarno17"]
[Result "1-0"]
[WhiteElo "2462"]
[BlackElo "2160"]
[TimeControl "180+1"]
[EndTime "14:38:34 PDT"]
[Termination "Roenko_Artur won by checkmate"]

1. e4 c5 2. c3 d5 3. exd5 Qxd5 4. Nf3 Nf6 5. Na3 e6 6. Bc4 Qd6 7. d4 cxd4 8. Nb5 Qd8 9. Bf4 Na6 10. Nbxd4 Bc5 11.
O-O O-O 12. Qe2 Qb6 13. Nb5 Bd7 14. a4 Bxb5 15. axb5 Nc7 16. Rfd1 Ncd5 17. Bg3 Rfd8 18. Ne5 Rac8 19. Bd3 h6 20. Bc2 Ne7 21. b4 Bd6 22. Nc4 Rxc4 23. Qxc4 Nfd5 24. Bxd6 Qxd6 25. Qd3 Nf5 26. c4 Nxb4 27. Qxd6 Rxd6 28. Bxf5 Rxd1+ 29. Rxd1 exf5 30. Rd8+ Kh7 31. Rd7 a6 32. b6 a5 33.
Rxb7 Kg6 34. Ra7 Nc6 35. b7 f6 36. Rxa5 Nxa5 37. b8=Q Nxc4 38. Qg3+ Kf7 39. Qc7+ Kg6 40. Qxc4 Kh7 41. Qf4 Kg6 42. h4 h5 43. g3 Kh7 44.
Qxf5+ g6 45. Qxf6 Kh6 46. Kg2 Kh7 47. Qg5 Kg7 48. Kf3 Kh7 49. Ke4 Kg7 50. Ke5 Kf7 51.
Qf6+ Kg8 52. Qxg6+ Kh8 53. Qf6+ Kh7 54. Qg5 Kh8 55. Kf6 Kh7 56. Qg7# 1-0

[Event "Late-Titled-Tuesday-Blitz-September-26-2023"]
[Site "Chess.com"]
[Date "2023.09.26"]
[Round "4"]
[White "Arteler"]
[Black "Inepton_Fermion"]
[Result "1-0"]
[WhiteElo "2572"]
[BlackElo "2354"]
[TimeControl "180+1"]
[EndTime "14:38:35 PDT"]
[Termination "Arteler won on time"]

1. e4 c5 2. Nf3 e6 3. c3 d5 4. e5 d4 5. cxd4 cxd4 6. Bb5+ Nc6 7. Qa4 Bd7 8. Bxc6 Bxc6 9. Qxd4 Qxd4 10. Nxd4 Bxg2 11.
Rg1 Bd5 12. Nc3 O-O-O 13. Nxd5 Rxd5 14. Nf3 Nh6 15. d4 Nf5 16. Be3 Bb4+ 17. Ke2 Ba5 18. Rac1+ Kb8 19. Rc4 Bb6 20. Rd1 Rhd8 21. Rd2 a6 22.
Kd3 h6 23. Ke4 Ba7 24. a4 b5 25. axb5 axb5 26. Rc1 g5 27. h3 Kb7 28. Rcd1 Bb6 29. Ne1 Ra8 30. Nc2 Ba5 31. Rd3 Rc8 32. Na1 Rc4 33.
b3 Rc3 34. Rxc3 Bxc3 35. Nc2 b4 36. Ne1 Ra5 37. Nd3 Kc6 38. Rc1 Kb5 39. d5 exd5+ 40. Kxf5 d4 41. Bxd4 Bxd4 42. Rc4 Bc3 43. Rc5+ Kb6 44.
Rxa5 Kxa5 45. Kf6 Kb5 46. Kxf7 h5 47. e6 g4 48. hxg4 h4 49. Nf4 1-0

[Event "Late-Titled-Tuesday-Blitz-September-26-2023"]
[Site "Chess.com"]
[Date "2023.09.26"]
[Round "4"]
[White "AsaHoffmann"]
[Black "cassoulet"]
[Result "0-1"]
[WhiteElo "2399"]
[BlackElo "2752"]
[TimeControl "180+1"]
[EndTime "14:38:36 PDT"]
[Termination "cassoulet won on time"]

1. d4 Nf6 2. Bg5 g6 3. Nc3 d5 4.
f3 Bg7 5. e4 dxe4 6. fxe4 O-O 7.
Nf3 c5 8. d5 Qa5 9. Qd2 Qb4 10.
Bd3 c4 11. Be2 Qxb2 12. Rb1 Qa3 13. Bxc4 Qc5 14. Bb3 Ng4 15. Nd1 Nd7 16. h3 Nge5 17.
Be3 Nxf3+ 18. gxf3 Qd6 19. f4 Nc5 20. Nf2 Bd7 21. e5 Nxb3 22. Rxb3 Qa6 23. c3 Rac8 24. Qe2 Qa5 25. O-O Qxd5 26. Rd1 Qc6 27. Bxa7 Be6 28. Rb6 Qa4 29. Rxb7 Qxf4 30. Qe3 Qa4 31. Rxe7 Qxa2 32. Bd4 Rb8 33. Ra7 Qc2 34. Qd3 Qb3 35. Qd2 Rfd8 36. Qe1 Qc2 37. Qe4 Qxe4 38. Nxe4 Bxe5 39. Ng5 Bb3 40. Rb1 Rxd4 41. Rxb3 Rd1+ 42.
Kg2 Rxb3 43. Nxf7 Rd2+ 44. Kf3 Rxc3+ 45. Ke4 Re2+ 46. Kd5 Rd3+ 47. Kc4 Rd4+ 48. Kc5 Rc2+ 49. Kb5 Rd5+ 0-1

[Event "Late-Titled-Tuesday-Blitz-September-26-2023"]
[Site "Chess.com"]
[Date "2023.09.26"]
[Round "4"]
[White "Chessdude1987"]
[Black "stregachess"]
[Result "1/2-1/2"]
[WhiteElo "2424"]
[BlackElo "2093"]
[TimeControl "180+1"]
[EndTime "14:38:36 PDT"]
[Termination "Game drawn by repetition"]

1. e4 c5 2. Nf3 d6 3. Bc4 g6 4.
O-O Bg7 5. Re1 Nf6 6. c3 O-O 7. d4 cxd4 8. cxd4 a6 9. Bb3 Nc6 10. h3 Bd7 11. Nc3 Rc8 12. e5 Ne8 13. Bf4 Na5 14. Bd5 e6 15. Be4 Nc4 16. Qe2 dxe5 17. dxe5 b5 18. Rad1 Qc7 19. Rd3 Bc6 20. Bxc6 Qxc6 21.
Ne4 Nc7 22. b3 Na5 23. Rd6 Qa8 24. Nf6+ Kh8 25. Nd7 Nd5 26. Bd2 Nb7 27. Rxd5 exd5 28. Nxf8 Rxf8 29. Qd3 Nc5 30. Qd4 Ne4 31. Bb4 Rd8 32.
Rd1 Qb8 33. Be7 Re8 34. Bf6 b4 35. Bxg7+ Kxg7 36. Qxd5 Nc3 37. Qd4 Nxd1 38. e6+ Kg8 39. exf7+ Kxf7 40. Ng5+ Ke7 41. Qxd1 Qe5 42. h4 Rd8 43.
Qc1 h6 44. Nf3 Qd6 45. Qxh6 Qd1+ 46. Kh2 Qd6+ 47. Kh3 Rf8 48. Qg7+ Rf7 49. Qh6 Qe6+ 50. Kh2 Qd6+ 51. Kg1 Qd1+ 52. Kh2 Qd6+ 53. Kh3 Qe6+ 54. Kh2 Qd6+ 1/2-1/2

[Event "Late-Titled-Tuesday-Blitz-September-26-2023"]
[Site "Chess.com"]
[Date "2023.09.26"]
[Round "4"]
[White "eCztery"]
[Black "Ermito2020"]
[Result "1-0"]
[WhiteElo "2427"]
[BlackElo "2603"]
[TimeControl "180+1"]
[EndTime "14:38:39 PDT"]
[Termination "eCztery won by resignation"]

1. e4 e6 2. Nc3 d5 3. d4 Nf6 4. Bg5 Bb4 5. e5 h6 6. Be3 Ne4 7. Qg4 Kf8 8. Ne2 c5 9. dxc5 Nc6 10. a3 Qa5 11. Rd1 Bxc3+ 12. Nxc3 Nxe5 13. Qf4 Ng6 14.
Qf3 Nxc3 15. Bd2 d4 16. bxc3 dxc3 17. Bxc3 Qc7 18. Bb5 e5 19. O-O Be6 20. Bd3 Nf4 21.
Rfe1 f6 22. g3 Nxd3 23. Rxd3 Kg8 24. Rd6 Bf7 25. Red1 Rc8 26. Rd7 Qxc5 27. Qf5 Rf8 28. Bb4 Qc6 29. Bxf8 Kxf8 30. Rd8+ Be8 31. Qg6 Qe6 32.
R1d6 Qe7 33. h4 h5 34. Qe4 Rh6 35. Qd5 Rh8 36. R6d7 g6 37. Rxe7 Kxe7 38. Qd6+ Kf7 39. Rc8 Kg7 40. Rc7+ Bf7 41. Qe7 Rf8 42. Rxb7 1-0

[Event "Late-Titled-Tuesday-Blitz-September-26-2023"]
[Site "Chess.com"]
[Date "2023.09.26"]
[Round "4"]
[White "karinachess1"]
[Black "Dontmesswithme_2"]
[Result "1-0"]
[WhiteElo "2628"]
[BlackElo "2407"]
[TimeControl "180+1"]
[EndTime "14:38:41 PDT"]
[Termination "karinachess1 won by checkmate"]

1. d4 e6 2. c4 b6 3. Nc3 Bb7 4. e4 Bb4 5. Bd3 f5 6. Qe2 Nf6 7. f3 Nc6 8. Be3 fxe4 9. fxe4 e5 10. Nf3 exd4 11. Nxd4 O-O 12. Nxc6 Bxc6 13. e5 Ne4 14. O-O-O Bxc3 15. bxc3 Qe7 16. Kb2 Qxe5 17. Bd4 Qe6 18.
Rde1 Rae8 19. Qc2 Qg4 20. h3 Qh4 21. Rhf1 Nc5 22. Rxe8 Nxd3+ 23. Qxd3 Rxe8 24. Qf5 Qe7 25. Rf2 Rf8 26. Qxf8+ Qxf8 27. Rxf8+ Kxf8 28. g3 Kf7 29. c5 b5 30. Kc1 a5 31. Kd2 g6 32. Ke3 Ke6 33. Kf4 Kd5 34. Kg5 Kc4 35. Be5 Kxc5 36. Bxc7 Bd5 37. Bxa5 Bxa2 38. Kh6 Be6 39. h4 Kc4 40.
Kxh7 Bf5 41. Kg7 d5 42. Kf6 Be4 43. g4 Kb3 44. Ke5 Ka4 45. Bb4 Kb3 46. h5 gxh5 47. gxh5 Kc4 48. h6 d4 49. Kxe4 dxc3 50. Bxc3 Kxc3 51.
h7 b4 52. h8=Q+ Kc2 53. Qh2+ Kc3 54. Qg3+ Kc2 55. Qf2+ Kc1 56. Kd3 b3 57. Kc3 Kd1 58. Qd2# 1-0

[Event "Late-Titled-Tuesday-Blitz-September-26-2023"]
[Site "Chess.com"]
[Date "2023.09.26"]
[Round "4"]
[White "SaqoChess_Twitch"]
[Black "Battever"]
[Result "0-1"]
[WhiteElo "2631"]
[BlackElo "2484"]
[TimeControl "180+1"]
[EndTime "14:38:42 PDT"]
[Termination "Battever won by checkmate"]

1. d4 Nf6 2. c4 e6 3. Nc3 Bb4 4. a3 Bxc3+ 5. bxc3 b6 6. e3 Bb7 7. f3 d6 8. Bd3 Nbd7 9. Ne2 e5 10. O-O O-O 11. e4 Re8 12. a4 a5 13. Bg5 h6 14.
Bh4 g5 15. Bf2 Nh5 16. g4 Nf4 17. Nxf4 exf4 18. h4 Kg7 19. Kg2 Rh8 20. c5 bxc5 21. dxc5 dxc5 22. Bb5 c6 23. Be2 Qe7 24. Rb1 Ne5 25. Rh1 Bc8 26. Qg1 Be6 27. Bxc5 Qc7 28. Bd4 f6 29. hxg5 hxg5 30. Rxh8 Rxh8 31. Bb6 Qc8 32. Bxa5 Bxg4 33. fxg4 Nxg4 34. Qa7+ Kg6 35. Qg1 Qe6 36. Kf1 Ne3+ 37. Ke1 Qxe4 38. Rc1 Rh1 39. Kd2 Rxg1 40. Rxg1 Qxa4 41. Bb4 Qa2+ 42. Ke1 Nc2+ 43. Kf2 Qa7+ 44. Kf1 Ne3+ 45. Ke1 Qa1+ 46. Kf2 Qa7 47. Bd3+ f5 48. Kf3 Ng4 49. Rf1 Qe3+ 50. Kg2 Qg3+ 51. Kh1 Qh2# 0-1

[Event "Late-Titled-Tuesday-Blitz-September-26-2023"]
[Site "Chess.com"]
[Date "2023.09.26"]
[Round "4"]
[White "imdarealist"]
[Black "imdvb6307"]
[Result "0-1"]
[WhiteElo "2253"]
[BlackElo "2489"]
[TimeControl "180+1"]
[EndTime "14:38:42 PDT"]
[Termination "imdvb6307 won on time"]

1. d4 d5 2. Bf4 c6 3. e3 Bf5 4. c4 e6 5. Nc3 Nd7 6. Qb3 Qb6 7. c5 Qxb3 8. axb3 a6 9. b4 Rc8 10. Nf3 Be7 11. Nd2 Ngf6 12. h3 h5 13. Nb3 Bd8 14. Na5 Bxa5 15. bxa5 O-O 16. Ra3 e5 17. Bg3 exd4 18.
exd4 Rfe8+ 19. Kd2 Nf8 20. Bd3 Bxd3 21. Kxd3 Ne4 22.
Nxe4 dxe4+ 23. Ke3 Rcd8 24. Rb3 Rd7 25. Bd6 Ne6 26. h4 f5 27. g3 Nd8 28. Rc1 Kf7 29. Kf4 g6 30. Rc4 Ke6 31. Rcb4 Kd5 32. Ke3 Rg8 33. Bf4 Rgg7 34. Bg5 Ne6 35. Bf6 Rgf7 36. Be5 Nxc5 37. dxc5 Kxe5 38. Rc3 f4+ 39. Ke2 fxg3 40. Rxg3 Kf5 41. Rg5+ Kf6 42. Rxe4 Rfe7 43. f3 Rxe4+ 44. fxe4 Rd4 45. Ke3 Rb4 46. Rg2 Rb5 47. Kd4 Rb4+ 48. Kd3 Rb3+ 49. Kc4 Rh3 50. Kd4 Rxh4 51. Rf2+ Ke6 52.
Rg2 Rg4 0-1

[Event "Late-Titled-Tuesday-Blitz-September-26-2023"]
[Site "Chess.com"]
[Date "2023.09.26"]
[Round "4"]
[White "Yushko_Olga"]
[Black "NovikovaGalina"]
[Result "0-1"]
[WhiteElo "2043"]
[BlackElo "2430"]
[TimeControl "180+1"]
[EndTime "14:38:42 PDT"]
[Termination "NovikovaGalina won on time"]

1. d4 e5 2. dxe5 d6 3. exd6 Bxd6 4. Nf3 Nc6 5. Bg5 f6 6. Bh4 Bg4 7. e3 Qe7 8. Bb5 O-O-O 9. Qe2 Ne5 10. Bg3 Nxf3+ 11.
gxf3 Bh3 12. Nc3 Bb4 13. Qc4 Nh6 14. Rd1 Nf5 15. Rd3 Bg2 16. Rg1 Bxf3 17. Kd2 Nxg3 18. hxg3 Be4 19. Rd4 Rxd4+ 20. exd4 Qd6 21. Kc1 Bxc3 22.
Qxc3 Rd8 23. Rd1 Bg6 24. Be2 Qd5 25. a3 Kb8 26. Bf3 Qd6 27. Qb3 c6 28. a4 a6 29.
Be2 Ka8 30. Qb6 Qd7 31. Bg4 f5 32. Be2 Bf7 33. Rd3 Bc4 34. Re3 Bxe2 35. Rxe2 Qxd4 36. Qxd4 Rxd4 37. Re7 Rg4 38. Rf7 Rg5 39. Kd2 a5 40. Ke3 Ka7 41. Kf4 Rg4+ 42. Kxf5 Rxa4 43. Rxg7 Ra2 44.
Rxh7 Rxb2 45. g4 a4 46. Rh3 b5 47. g5 Rxc2 48. f4 b4 49. g6 Rg2 50. Rh1 a3 51. Rb1 a2 0-1

[Event "Late-Titled-Tuesday-Blitz-September-26-2023"]
[Site "Chess.com"]
[Date "2023.09.26"]
[Round "4"]
[White "Harsha_Bharathakoti"]
[Black "tdf98pantani"]
[Result "1-0"]
[WhiteElo "2902"]
[BlackElo "2694"]
[TimeControl "180+1"]
[EndTime "14:38:44 PDT"]
[Termination "Harsha_Bharathakoti won on time"]

1. Nf3 d5 2. g3 Nd7 3. d4 Nb6 4. Bg2 Bf5 5. Nc3 e6 6. O-O Bb4 7. Nh4 Nf6 8. Nxf5 exf5 9. Qd3 Qd7 10. a3 Be7 11. b3 O-O 12. Bb2 Rad8 13. e3 h5 14. Ne2 h4 15. c4 c6 16. cxd5 Nbxd5 17. Rad1 Rfe8 18. Rfe1 hxg3 19. hxg3 Ne4 20. f3 Ng5 21. e4 fxe4 22. fxe4 Nf6 23. Nf4 Qg4 24. e5 Nh5 25. Nxh5 Qxh5 26. Qf5 g6 27. Qf4 Ne6 28.
Qf3 Qh6 29. b4 Rd7 30. Rf1 Bg5 31. Rd3 Red8 32. Qe4 Nxd4 33. Rfd1 Be3+ 34. Qxe3 Qxe3+ 35. Rxe3 Ne2+ 36. Rxe2 Rxd1+ 37. Kf2 R1d2 38. Bc3 R2d3 39. Rc2 Rd1 40. Bf3 Rb1 41. Be2 Rb3 42. a4 Ra3 43. a5 b6 44. Bc4 b5 45. Be2 Rd5 46. Bf3 Rd3 47. Bd2 1-0

[Event "Late-Titled-Tuesday-Blitz-September-26-2023"]
[Site "Chess.com"]
[Date "2023.09.26"]
[Round "4"]
[White "Pawnpusherschessaccademy"]
[Black "Chempiblinka"]
[Result "0-1"]
[WhiteElo "2312"]
[BlackElo "2209"]
[TimeControl "180+1"]
[EndTime "14:38:46 PDT"]
[Termination "Chempiblinka won by checkmate"]

1. e4 c5 2. Nf3 Nc6 3. Bb5 e6 4. Bxc6 bxc6 5. d3 Ne7 6. h4 h5 7. e5 Nf5 8. Bg5 Qc7 9. Nbd2 d5 10. exd6 Bxd6 11. Ne4 Bf8 12. O-O f6 13. Bd2 e5 14.
Re1 Be7 15. Be3 Qb6 16. a3 a5 17. b3 Nd4 18. Nfd2 Bg4 19. f3 Be6 20. Nc4 Qa7 21. Qd2 Kf7 22. Ned6+ Kg6 23. f4 Bxc4 24. Nxc4 exf4 25.
Bxd4 cxd4 26. Qxf4 Kf7 27. Re4 Rhe8 28. Rae1 Bf8 29.
Qf5 Rxe4 30. Qxe4 Qd7 31. Qf3 Kg8 32. Qxh5 Rd8 33. a4 Qd5 34. Qe2 Bb4 35. Qe6+ Qxe6 36. Rxe6 Kf7 37. Rxc6 Bc3 38. Rc5 Kg6 39. Kf2 Re8 40. g4 Be1+ 41. Kf3 Bxh4 42. Nd6 Re3+ 43. Kf4 Bg3# 0-1

[Event "Late-Titled-Tuesday-Blitz-September-26-2023"]
[Site "Chess.com"]
[Date "2023.09.26"]
[Round "4"]
[White "IgorBjelobrk"]
[Black "esrosenberg"]
[Result "1-0"]
[WhiteElo "2597"]
[BlackElo "2368"]
[TimeControl "180+1"]
[EndTime "14:38:50 PDT"]
[Termination "IgorBjelobrk won on time"]

1. d4 d5 2. c4 e6 3. Nf3 Nf6 4. g3 c5 5. cxd5 exd5 6. Bg2 Nc6 7. O-O Be7 8. Nc3 O-O 9. Bg5 c4 10. Ne5 Be6 11. Nxc6 bxc6 12. b3 Ne4 13. Bxe7 Nxc3 14. Bxd8 Nxd1 15. Rfxd1 Rfxd8 16. bxc4 dxc4 17. Bxc6 Rac8 18. d5 Bh3 19. Rac1 h5 20. f3 Bd7 21. Bxd7 Rxd7 22. Kf2 c3 23. e4 Rb7 24. Rc2 Rb2 25. Rc1 Rcb8 26. Ke3 a5 27. Kd3 a4 28. Kxc3 a3 29. Rxb2 Rxb2 30. Rc2 Rb1 31. Kd4 Kf8 32. Rc3 Rb2 33.
Rxa3 Rxh2 34. d6 Ke8 35. Ra7 g5 36. Ke5 h4 37. gxh4 gxh4 38. Re7+ Kd8 39. Rxf7 h3 40. Rh7 Rh1 41. f4 h2 42. f5 Ke8 43. a4 Kd8 44. a5 Ke8 45. a6 Kd8 46. a7 Ra1 47. Rxh2 Ra5+ 48. Ke6 Kc8 49. Rh8+ Kb7 50. a8=Q+ Rxa8 51. Rxa8 Kxa8 52. d7 Kb7 53. d8=Q Kc6 54. f6 Kb7 55. f7 Kc6 56. f8=Q Kb5 57. Kd5 Ka6 58. Qb8 Ka5 59. Qh8 Ka6 60. e5 Ka5 61. e6 Ka6 62. e7 Ka5 63. e8=Q Ka6 64. Qc6+ 1-0

[Event "Late-Titled-Tuesday-Blitz-September-26-2023"]
[Site "Chess.com"]
[Date "2023.09.26"]
[Round "4"]
[White "stolencandy13"]
[Black "artin10862"]
[Result "0-1"]
[WhiteElo "2557"]
[BlackElo "2880"]
[TimeControl "180+1"]
[EndTime "14:38:51 PDT"]
[Termination "artin10862 won on time"]

1. d4 g6 2. Bf4 d6 3. Nc3 Bg7 4. Nf3 a6 5. e4 b5 6. Qd2 Bb7 7.
a3 Nd7 8. h4 Ngf6 9. e5 Nd5 10.
Nxd5 Bxd5 11. Be2 h5 12. O-O-O Qb8 13. Ng5 e6 14. exd6 cxd6 15. Bf3 Nb6 16. Qb4 Bxf3 17. Bxd6 Qd8 18. gxf3 Nd5 19. Qc5 Qd7 20. Rhe1 Kd8 21. Bg3 Bf8 22. Nxf7+ Qxf7 23. Qc6 Rc8 24. Qxa6 Qd7 25. Rxe6 Be7 26. Rde1 Rh7 27. Qa5+ Ke8 28. Bd6 Kf8 29. Bxe7+ Rxe7 30. Rxe7 Nxe7 31. Qd2 Kg7 32. Qg5 Nf5 33. Qf4 Qc7 34. Qd2 Nxh4 35. c3 Nxf3 36. Qe2 Nxe1 37. Qxe1 Qf4+ 38. Kb1 Qf5+ 39. Ka1 Rf8 40.
Qe2 h4 41. f4 h3 42. Qe7+ Rf7 43. Qh4 Qe6 44. Kb1 Qe4+ 45. Ka1 Qg2 46. f5 Rxf5 47. Qe7+ Rf7 0-1

[Event "Late-Titled-Tuesday-Blitz-September-26-2023"]
[Site "Chess.com"]
[Date "2023.09.26"]
[Round "4"]
[White "whitemirrorninja"]
[Black "FMVolodymyrSakun"]
[Result "1-0"]
[WhiteElo "2484"]
[BlackElo "2630"]
[TimeControl "180+1"]
[EndTime "14:38:51 PDT"]
[Termination "whitemirrorninja won on time"]

1. e4 e5 2. Nf3 Nc6 3. Bc4 Bc5 4. d3 Nf6 5. a3 a6 6. Nc3 h6 7.
Nd5 d6 8. b4 Ba7 9. h3 Be6 10.
Nxf6+ Qxf6 11. Bxe6 fxe6 12. Be3 O-O 13. O-O Ne7 14.
Bxa7 Rxa7 15. d4 exd4 16. Qxd4 Nc6 17. Qxf6 gxf6 18. c3 Kf7 19. Nd4 Ne5 20. f4 Nc4 21.
f5 e5 22. Ne6 c6 23. Nxf8 Kxf8 24. a4 Ra8 25. b5 cxb5 26. axb5 a5 27. Ra4 Nb6 28.
Ra2 a4 29. Kf2 Rc8 30. Rc1 Rc4 31. Ke3 d5 32. exd5 e4 33. Rd1 Ke7 34. Rd4 Rxc3+ 35. Kxe4 Kd6 36. Re2 a3 37. Kf4 Kc5 38. Rdd2 Nxd5+ 39. Kg4 Nb4 40. Kh5 Kc4 41. Kxh6 Kb3 42. g4 a2 43. Rd1 Rxh3+ 44. Kg6 Rg3 45. Re4 Nc2 46. Kxf6 Kb2 47. g5 Re3 48. Rxe3 Nxe3 49. Rh1 1-0

[Event "Late-Titled-Tuesday-Blitz-September-26-2023"]
[Site "Chess.com"]
[Date "2023.09.26"]
[Round "4"]
[White "djano"]
[Black "YEIKO2017"]
[Result "1/2-1/2"]
[WhiteElo "2662"]
[BlackElo "2472"]
[TimeControl "180+1"]
[EndTime "14:38:52 PDT"]
[Termination "Game drawn by stalemate"]

1. d4 Nf6 2. Bf4 g6 3. Nc3 d5 4.
Nb5 Na6 5. e3 Bg7 6. Nf3 O-O 7. h3 Ne4 8. c3 c6 9. Na3 f6 10. Bxa6 bxa6 11. O-O a5 12. Nc2 Ba6 13.
Re1 e5 14. Bh2 Qe7 15. Rb1 Rad8 16. Nd2 c5 17. dxe5 fxe5 18. f3 Nf6 19. b4 axb4 20.
cxb4 c4 21. b5 Bb7 22. Nb4 c3 23. Nf1 Rfe8 24. Qb3 Qc5 25. Nd3 Qc4 26. Nxe5 Qxb3 27. Rxb3 c2 28. Rc1 d4 29. Rxc2 dxe3 30. Nxe3 Nd5 31.
Nxd5 Bxd5 32. Re3 Bb7 33. Kf2 Rd5 34. Nc4 Rxe3 35. Kxe3 Bd4+ 36. Ke2 Rxb5 37. Nd6 Rb4 38. Nxb7 Rxb7 39. Kd3 Bb6 40. a4 Rd7+ 41. Kc4 Kf7 42.
Be5 Ke6 43. f4 Kf5 44. g4+ Ke4 45. Kb5 Rd5+ 46. Kb4 Rd1 47. a5 Rb1+ 48. Bb2 Bd4 49. f5 Rxb2+ 50. Rxb2 Bxb2 51. fxg6 hxg6 52. h4 Bf6 53. h5 gxh5 54. gxh5 Kf5 55. Kc4 Kg5 56. Kd5 Kxh5 57. Kd6 Bh4 58. Kd5 Bf2 59. Kc4 Kg5 60.
Kb5 Kf5 61. Ka6 Ke5 62. Kb5 Kd6 63. Ka6 Kc6 1/2-1/2

[Event "Late-Titled-Tuesday-Blitz-September-26-2023"]
[Site "Chess.com"]
[Date "2023.09.26"]
[Round "4"]
[White "HajiyevKanan"]
[Black "QuintilianoR"]
[Result "1/2-1/2"]
[WhiteElo "2510"]
[BlackElo "2660"]
[TimeControl "180+1"]
[EndTime "14:38:52 PDT"]
[Termination "Game drawn by repetition"]

1. d4 Nf6 2. Nf3 e6 3. c4 b6 4. g3 Bb7 5. Bg2 Bb4+ 6. Bd2 a5 7. O-O O-O 8. Bf4 Be7 9. Nc3 Ne4 10. Qc2 Nxc3 11. Qxc3 Be4 12. a3 a4 13. Qd2 Nc6 14. Qe3 f5 15. Rad1 Na5 16. Nd2 Bxg2 17. Kxg2 g5 18. Be5 d6 19. Nf3 dxe5 20. dxe5 Qe8 21. Nxg5 Nxc4 22. Qc1 Qc6+ 23. f3 Bxg5 24. Qxg5+ Kh8 25.
Rc1 b5 26. Rfd1 Qc5 27. f4 Qe3 28. Rd7 Qxe2+ 29. Kg1 Qg4 30. Qe7 Qg6 31. Rxc7 Kg8 32. Rd1 Rf7 33. Qc5 Rxc7 34. Qxc7 Rf8 35. Rd7 Qh5 36.
Rg7+ Kh8 37. Kg2 Ne3+ 38. Kf2 Ng4+ 39. Ke1 Nxh2 40. Qe7 Nf3+ 41. Kf2 Rc8 42. Qf6 Rc2+ 43. Ke3 Re2+ 44. Kxe2 Nxe5+ 45. Ke3 Qf3+ 46. Kd4 Qd5+ 47. Ke3 Qe4+ 48. Kf2 Nd3+ 49. Kg1 Qe1+ 50. Kh2 Qe2+ 51. Kh3 Qh5+ 52. Kg2 Qe2+ 53. Kh3 Qh5+ 54. Kg2 Qe2+ 55. Kh3 1/2-1/2

[Event "Late-Titled-Tuesday-Blitz-September-26-2023"]
[Site "Chess.com"]
[Date "2023.09.26"]
[Round "4"]
[White "GMBenjaminBok"]
[Black "Lennis93"]
[Result "1-0"]
[WhiteElo "2966"]
[BlackElo "2726"]
[TimeControl "180+1"]
[EndTime "14:38:55 PDT"]
[Termination "GMBenjaminBok won by resignation"]

1. d4 Nf6 2. c4 e6 3. Nc3 Bb4 4. Qc2 d5 5. a3 Bxc3+ 6. Qxc3 Ne4 7. Qc2 c5 8. dxc5 Nc6 9. Nf3 Qa5+ 10. Bd2 Qxc5 11. e3 Nxd2 12. Nxd2 O-O 13. Bd3 h6 14. cxd5 Qxc2 15. Bxc2 exd5 16. Nb3 Be6 17. O-O-O Rac8 18. Kb1 Rc7 19. Rd2 Rfc8 20. Rhd1 Ne5 21. Nd4 Nc4 22. Re2 Bd7 23. Bd3 Ne5 24. Bf5 Kf8 25. Bxd7 Rxd7 26. Nb5 a6 27. Nc3 Rc5 28. Red2 Ng4 29. h3 Nf6 30. e4 b5 31. e5 Ne8 32. Rxd5 Rdc7 33.
f4 g5 34. g3 Ng7 35. Rd8+ Ke7 36. Rg8 Nf5 37. Nd5+ Rxd5 38. Rxd5 Nxg3 39. fxg5 hxg5 40. Rxg5 Ne4 41. Rg4 Ke6 42. Rd8 Nc5 43. Rg2 Nb3 44. Rc2 Ra7 45. Rc3 Na5 46. h4 Nc4 47. h5 Kxe5 48.
h6 f6 49. Rh3 Rh7 50. Rg8 Kf5 51. Rg7 Rh8 52. h7 Ne5 53. Rg8 Nf7 54. Rxh8 Nxh8 55.
Rg3 Ke6 56. Rg8 Nf7 57. Rf8 Nh8 58. Rxh8 1-0

[Event "Late-Titled-Tuesday-Blitz-September-26-2023"]
[Site "Chess.com"]
[Date "2023.09.26"]
[Round "4"]
[White "PepeCuenca"]
[Black "JoseRemolar"]
[Result "1-0"]
[WhiteElo "2689"]
[BlackElo "2389"]
[TimeControl "180+1"]
[EndTime "14:38:57 PDT"]
[Termination "PepeCuenca won on time"]

1. c4 Nf6 2. Nc3 g6 3. e4 d6 4. d4 Bg7 5. h3 O-O 6. Be3 e5 7. d5 Na6 8. g4 Nc5 9. f3 Ne8 10. b4 Na6 11. a3 f5 12. Qd2 Qe7 13. O-O-O c5 14. b5 Nac7 15. gxf5 gxf5 16. h4 f4 17. Bf2 Nf6 18. Bh3 Nh5 19. Bxc8 Raxc8 20. Nge2 a6 21. a4 axb5 22. axb5 Ra8 23. Kb2 b6 24. Rhg1 Kh8 25.
Qc2 Ra5 26. Ra1 Rfa8 27. Rxa5 Rxa5 28. Ra1 Rxa1 29. Kxa1 Bf6 30. Qd1 Bxh4 31. Qh1 Bxf2 32. Qxh5 Ne8 33. Na4 Nf6 34. Qg5 Qd8 35. Kb1 Bd4 36. Kc2 Qe7 37. Nxb6 Nxd5 38. Qxe7 Nxe7 39.
Nd5 Nc8 40. Nxd4 exd4 41. b6 Nxb6 42. Nxb6 h5 43. Nd7 h4 44. Nf6 Kg7 45. Ng4 Kg6 46. Kd3 Kg5 47. Ke2 Kg6 48. Kf2 Kg5 49. Kg2 d3 50.
Nf2 d2 51. Kf1 h3 52. Nxh3+ Kh4 53. Nf2 Kg3 54. Ke2 1-0